[Event "Late-Titled-Tuesday-Blitz-September-19-2023"]
[Site "Chess.com"]
[Date "2023.09.19"]
[Round "3"]
[White "HalfIsCrayfish"]
[Black "cukus"]
[Result "1-0"]
[WhiteElo "2567"]
[BlackElo "2405"]
[TimeControl "180+1"]
[EndTime "14:21:32 PDT"]
[Termination "HalfIsCrayfish won by resignation"]

1. a3 g6 2. e4 Bg7 3. Nf3 d6 4. Bc4 a6 5. O-O b5 6. Ba2 Bb7 7. Re1 e6 8. d4 Ne7 9. Bg5 h6 10.
Be3 Nd7 11. Qd2 g5 12. Nc3 Ng6 13. h3 Qe7 14. Rad1 O-O-O 15. d5 e5 16. a4 bxa4 17. Nxa4 f5 18. exf5 Nf4 19. Qb4 Nxd5 20. Bxd5 1-0

[Event "Late-Titled-Tuesday-Blitz-September-19-2023"]
[Site "Chess.com"]
[Date "2023.09.19"]
[Round "3"]
[White "aranibos"]
[Black "Schattman"]
[Result "1/2-1/2"]
[WhiteElo "2298"]
[BlackElo "2483"]
[TimeControl "180+1"]
[EndTime "14:21:42 PDT"]
[Termination "Game drawn by agreement"]

1. e4 c5 2. Nc3 e6 3. Bc4 a6 4. a3 b5 5. Ba2 Bb7 6. d3 Nf6 7. f4 Be7 8. Nf3 d5 9. e5 Ng4 10. O-O O-O 11. h3 Nh6 12. Ne2 Nc6 13. c3 d4 14. g4 Kh8 1/2-1/2

[Event "Late-Titled-Tuesday-Blitz-September-19-2023"]
[Site "Chess.com"]
[Date "2023.09.19"]
[Round "3"]
[White "vladislavkovalev"]
[Black "Maksimus1998"]
[Result "1-0"]
[WhiteElo "2886"]
[BlackElo "2600"]
[TimeControl "180+1"]
[EndTime "14:22:08 PDT"]
[Termination "vladislavkovalev won by resignation"]

1. e4 c5 2. Nf3 a6 3. c4 d5 4.
cxd5 e6 5. dxe6 Bxe6 6. d4 cxd4 7. Nxd4 Bb4+ 8. Nc3 Qb6 9. Be3 Bc5 10. Qd2 Nc6 11. Na4 1-0

[Event "Late-Titled-Tuesday-Blitz-September-19-2023"]
[Site "Chess.com"]
[Date "2023.09.19"]
[Round "3"]
[White "Arimin1329"]
[Black "scandalgod"]
[Result "0-1"]
[WhiteElo "2251"]
[BlackElo "2454"]
[TimeControl "180+1"]
[EndTime "14:22:10 PDT"]
[Termination "scandalgod won by resignation"]

1. Nf3 d5 2. b3 Nf6 3. Bb2 Bf5 4. d4 e6 5. Nbd2 Be7 6. e3 O-O 7. Be2 h6 8. O-O Nbd7 9. c4 c6 10. Rc1 a5 11. Re1 a4 12. Nf1 axb3 13. axb3 Ra2 14. Bc3 Ne4 15. Ng3 Nxc3 16. Rxc3 Bb4 17. Nxf5 Bxc3 18.
Ng3 Bxe1 19. Nxe1 Qa5 20. Bd3 Ra1 21. Bb1 Nf6 22. Qd3 Qxe1+ 0-1

[Event "Late-Titled-Tuesday-Blitz-September-19-2023"]
[Site "Chess.com"]
[Date "2023.09.19"]
[Round "3"]
[White "KamlaPasand"]
[Black "mac0504"]
[Result "1/2-1/2"]
[WhiteElo "2436"]
[BlackElo "2586"]
[TimeControl "180+1"]
[EndTime "14:22:13 PDT"]
[Termination "Game drawn by repetition"]

1. e4 c5 2. Nf3 e6 3. d4 cxd4 4. Nxd4 Nc6 5. Nc3 Qc7 6. Be3 a6 7. Qf3 Nf6 8. O-O-O Ne5 9. Qg3 b5 10. Bxb5 axb5 11. Ndxb5 Qb8 12. Bf4 d6 13. Nxd6+ Bxd6 14. Rxd6 Nh5 15. Qg5 Qxd6 16. Bxe5 Ra5 17. Nd5 Qd7 18.
Bxg7 Rg8 19. Qxh5 exd5 20. Qxh7 Rxg7 21. Qxg7 Rxa2 22. Qh8+ Ke7 23. Qh4+ Kf8 24. Qh8+ Ke7 25. Qh4+ Kf8 26. Qh8+ Ke7 1/2-1/2

[Event "Late-Titled-Tuesday-Blitz-September-19-2023"]
[Site "Chess.com"]
[Date "2023.09.19"]
[Round "3"]
[White "leoduarte"]
[Black "Arystanner"]
[Result "0-1"]
[WhiteElo "2483"]
[BlackElo "2788"]
[TimeControl "180+1"]
[EndTime "14:22:26 PDT"]
[Termination "Arystanner won by resignation"]

1. d4 d5 2. Nf3 Nf6 3. Bf4 e6 4. e3 c5 5. Nbd2 Nc6 6. c3 Nh5 7.
Bg5 Qb6 8. Qc2 h6 9. Bh4 g5 10.
Bg3 Nxg3 11. hxg3 Bg7 12. dxc5 Qxc5 13. Bd3 Bd7 14. e4 O-O-O 15. exd5 exd5 16. O-O Kb8 17. b4 Qxc3 18. Rab1 Nxb4 19. Qxc3 Bxc3 20. Be2 g4 0-1

[Event "Late-Titled-Tuesday-Blitz-September-19-2023"]
[Site "Chess.com"]
[Date "2023.09.19"]
[Round "3"]
[White "campochess"]
[Black "IamSchrodingersCat"]
[Result "0-1"]
[WhiteElo "2170"]
[BlackElo "2512"]
[TimeControl "180+1"]
[EndTime "14:22:43 PDT"]
[Termination "IamSchrodingersCat won by checkmate"]

1. d4 Nf6 2. Bg5 g6 3. Bxf6 exf6 4. e3 d5 5. c4 dxc4 6. Bxc4 Bd6 7. h4 h5 8. Nf3 O-O 9. Nc3 a6 10. Qc2 Kg7 11.
a4 Nc6 12. a5 Bg4 13. Nd2 Bf5 14. Bd3 Nb4 15. Bxf5 Nxc2+ 16. Bxc2 Bb4 17. O-O c5 18. Nb3 cxd4 19. Nxd4 Bxc3 20. bxc3 Rc8 21. Ra3 Qe7 22. Rb3 Rc7 23. Rfb1 Rfc8 24. Bd1 f5 25. Bf3 Rxc3 26.
Rxb7 Rc1+ 27. Rxc1 Rxc1+ 28. Kh2 Qxh4# 0-1

[Event "Late-Titled-Tuesday-Blitz-September-19-2023"]
[Site "Chess.com"]
[Date "2023.09.19"]
[Round "3"]
[White "GeorgiosSouleidis"]
[Black "rikchessmx"]
[Result "1-0"]
[WhiteElo "2508"]
[BlackElo "2334"]
[TimeControl "180+1"]
[EndTime "14:23:09 PDT"]
[Termination "GeorgiosSouleidis won by resignation"]

1. e4 c5 2. Be2 e6 3. d3 d5 4. f4 Nc6 5. Nf3 g6 6. O-O Bg7 7. c3 Nge7 8. Na3 O-O 9. Nc2 b6 10. e5 d4 11. c4 Bb7 12. Bd2 a5 13. b3 Nb4 14. a3 Nbc6 15. b4 Nf5 16. bxc5 bxc5 17.
Rb1 Qc7 18. Ng5 Nce7 19. Bf3 Bxf3 20. Qxf3 Rab8 21. Ne4 h5 22. a4 Rfd8 23. Rb5 Rxb5 24. axb5 h4 25. Ra1 h3 26. Bxa5 Qa7 27. Bxd8 Qb8 28. Bxe7 Nxe7 29. Ra8 1-0

[Event "Late-Titled-Tuesday-Blitz-September-19-2023"]
[Site "Chess.com"]
[Date "2023.09.19"]
[Round "3"]
[White "hurricane7791"]
[Black "Hikaru"]
[Result "0-1"]
[WhiteElo "2716"]
[BlackElo "3247"]
[TimeControl "180+1"]
[EndTime "14:23:10 PDT"]
[Termination "Hikaru won by resignation"]

1. d4 a6 2. Nf3 b5 3. e4 Bb7 4.
Bd3 e6 5. O-O c5 6. dxc5 Bxc5 7.
a4 b4 8. Nbd2 d6 9. Nb3 Nd7 10.
Qe2 Ngf6 11. Bg5 h6 12. Bh4 g5 13. Bg3 Nh5 14. Rad1 Nxg3 15. hxg3 Qc7 16. Rfe1 g4 17. Nfd2 h5 18. Nxc5 Nxc5 19. Nc4 O-O-O 20. a5 Kb8 21. Qe3 h4 22. e5 dxe5 23. Qxe5 h3 24. Qxc7+ Kxc7 25. Bf1 h2+ 26. Kh1 Rxd1 27. Rxd1 Ne4 0-1

[Event "Late-Titled-Tuesday-Blitz-September-19-2023"]
[Site "Chess.com"]
[Date "2023.09.19"]
[Round "3"]
[White "jefferyx"]
[Black "dedpihto_v_kozhanom_palto"]
[Result "1-0"]
[WhiteElo "3007"]
[BlackElo "2682"]
[TimeControl "180+1"]
[EndTime "14:23:29 PDT"]
[Termination "jefferyx won by resignation"]

1. e4 g6 2. d4 Bg7 3. Nf3 d6 4. Be3 Nc6 5. Be2 Nf6 6. Nc3 O-O 7. Qd2 e5 8. O-O-O Ng4 9. Bg5 f6 10. Bh4 Bh6 11. Qxh6 Nxh6 12. dxe5 g5 13. Bg3 fxe5 14.
Nxe5 Nxe5 15. Bxe5 Be6 16. Bd4 Qe7 17. h4 g4 18. Be3 Nf7 19. f4 d5 20. f5 Nd6 21.
fxe6 Nxe4 22. Nxe4 dxe4 23. Bc4 Rad8 24. Rxd8 Rxd8 25. Bg5 1-0

[Event "Late-Titled-Tuesday-Blitz-September-19-2023"]
[Site "Chess.com"]
[Date "2023.09.19"]
[Round "3"]
[White "HamedWafa4"]
[Black "StarkyNZ"]
[Result "1-0"]
[WhiteElo "2649"]
[BlackElo "2308"]
[TimeControl "180+1"]
[EndTime "14:23:29 PDT"]
[Termination "HamedWafa4 won by resignation"]

1. e4 e6 2. d4 d5 3. e5 c5 4. c3 Nc6 5. Nf3 Qb6 6. Be2 cxd4 7. cxd4 Bd7 8. O-O Nge7 9. Na3 Nf5 10. Nc2 Nb4 11. Ne3 Rc8 12. Nxf5 exf5 13. Bf4 h6 14. h4 Be7 15. h5 O-O 16. a3 Nc6 17. b4 Nd8 18. Bd3 Be6 19. Qd2 Kh7 20. g4 g6 21.
gxf5 gxf5 22. Kh2 Rg8 23. Rg1 Nc6 24. Bxh6 Kh8 25. Bf8 Bxf8 26. Rxg8+ Kxg8 27. Rg1+ Kh8 28. Qg5 Ne7 29. Qf6+ Kh7 30. Ng5+ Kg8 1-0

[Event "Late-Titled-Tuesday-Blitz-September-19-2023"]
[Site "Chess.com"]
[Date "2023.09.19"]
[Round "3"]
[White "AyMitecK"]
[Black "BrandonJacobson"]
[Result "0-1"]
[WhiteElo "2503"]
[BlackElo "2907"]
[TimeControl "180+1"]
[EndTime "14:23:29 PDT"]
[Termination "BrandonJacobson won by resignation"]

1. e4 g6 2. d4 Bg7 3. Nc3 d6 4.
Be3 a6 5. a4 Nc6 6. h4 h5 7.
Be2 e5 8. d5 Nd4 9. Nf3 Nxe2 10. Nxe2 Bg4 11. Nd2 c6 12. f3 Bd7 13. c4 Bh6 14. Bxh6 Nxh6 15. Qb3 O-O 16. a5 Rb8 17. g4 hxg4 18. h5 Qg5 19. hxg6 fxg6 20. c5 cxd5 21.
Qxd5+ Kg7 22. Qxd6 Rbd8 23. O-O-O Bb5 24. f4 exf4 25.
Nf3 gxf3 26. Qc7+ Rf7 27. Qxd8 Qxd8 28. Rxd8 fxe2 29. Kd2 f3 30. Rd6 f2 0-1

[Event "Late-Titled-Tuesday-Blitz-September-19-2023"]
[Site "Chess.com"]
[Date "2023.09.19"]
[Round "3"]
[White "zverr1"]
[Black "Ready4abattle"]
[Result "1-0"]
[WhiteElo "2503"]
[BlackElo "2321"]
[TimeControl "180+1"]
[EndTime "14:23:32 PDT"]
[Termination "zverr1 won by resignation"]

1. d4 Nf6 2. c4 g6 3. Nc3 d5 4. Nf3 Bg7 5. h4 dxc4 6. e4 c5 7. d5 b5 8. h5 Nxh5 9. Rxh5 gxh5 10. e5 Bg4 11. Bf4 Qa5 12. Be2 Nd7 13. e6 fxe6 14.
dxe6 Nb6 15. Kf1 Bxe6 16. Ng5 Rd8 17. Bxh5+ 1-0

[Event "Late-Titled-Tuesday-Blitz-September-19-2023"]
[Site "Chess.com"]
[Date "2023.09.19"]
[Round "3"]
[White "DucksParadise"]
[Black "kreonx"]
[Result "1-0"]
[WhiteElo "2649"]
[BlackElo "2473"]
[TimeControl "180+1"]
[EndTime "14:23:35 PDT"]
[Termination "DucksParadise won by resignation"]

1. e4 c6 2. d4 d5 3. f3 e6 4. Nc3 Bb4 5. Bd2 Bxc3 6. Bxc3 dxe4 7. Nh3 exf3 8. Qxf3 Nf6 9. Bd3 Qd5 10. Qg3 g6 11.
O-O Ne4 12. Bxe4 Qxe4 13. Ng5 Qd5 14. Nxf7 O-O 15. Nh6+ Kg7 16. Rxf8 Kxf8 17. Rf1+ Kg7 18. Rf7+ Kxh6 19. Qh4+ Qh5 20. Bd2+ g5 21. Bxg5+ Kg6 22.
Rf6+ 1-0

[Event "Late-Titled-Tuesday-Blitz-September-19-2023"]
[Site "Chess.com"]
[Date "2023.09.19"]
[Round "3"]
[White "AlexPapasimakopoulos"]
[Black "Der_Honigdachs"]
[Result "1-0"]
[WhiteElo "2761"]
[BlackElo "2523"]
[TimeControl "180+1"]
[EndTime "14:23:36 PDT"]
[Termination "AlexPapasimakopoulos won by resignation"]

1. d4 Nf6 2. Nf3 e6 3. Bf4 c5 4. e3 Nd5 5. Bg3 Qb6 6. Qc1 cxd4 7. exd4 f5 8. c4 Bb4+ 9. Kd1 Nf6 10. a3 Be7 11. c5 Qd8 12. Nc3 O-O 13. Bd3 d6 14. cxd6 Bxd6 15. Bxd6 Qxd6 16. Nb5 Qb6 17. Nc7 Nc6 18. Nxa8 Bd7 19. Nxb6 1-0

[Event "Late-Titled-Tuesday-Blitz-September-19-2023"]
[Site "Chess.com"]
[Date "2023.09.19"]
[Round "3"]
[White "schachlana"]
[Black "maurovargas01"]
[Result "1-0"]
[WhiteElo "2346"]
[BlackElo "1870"]
[TimeControl "180+1"]
[EndTime "14:23:42 PDT"]
[Termination "schachlana won by resignation"]

1. d4 d5 2. Nf3 c6 3. g3 Bg4 4. Bg2 e6 5. Ne5 Bh5 6. g4 f6 7.
gxh5 fxe5 8. dxe5 Qh4 9. O-O Qxh5 10. Bf4 Nh6 11. c4 Ng4 12. cxd5 exd5 13. Qd4 Nd7 14. e6 Bc5 15. exd7+ Kxd7 16. Qxc5 Qg6 17. Nc3 b6 18. Qd4 Rad8 19. Nxd5 cxd5 20. Qxd5+ Ke7 21. Bg5+ Nf6 22. Qe5+ Kf7 23. Bxf6 gxf6 24. Qc7+ Ke6 25.
Qc6+ Ke7 26. Rfd1 Rhg8 27. Rxd8 Kxd8 28. Rd1+ Ke7 29. Rd7+ Kf8 30. Qc8+ Qe8 31. Rd8 Kg7 32. Rxe8 Kf7 33. Rxg8 1-0

[Event "Late-Titled-Tuesday-Blitz-September-19-2023"]
[Site "Chess.com"]
[Date "2023.09.19"]
[Round "3"]
[White "Kleyton_Lima"]
[Black "temus_galaktionov"]
[Result "0-1"]
[WhiteElo "2545"]
[BlackElo "2833"]
[TimeControl "180+1"]
[EndTime "14:23:43 PDT"]
[Termination "temus_galaktionov won by resignation"]

1. e4 c6 2. d4 g6 3. Nc3 d6 4. f4 Bg7 5. Nf3 Nd7 6. Be3 e5 7. Bc4 Qe7 8. O-O Ngf6 9. dxe5 dxe5 10. f5 Ng4 11. Qe2 Nxe3 12. Qxe3 b5 13. Bb3 Qc5 14. Qxc5 Nxc5 15. fxg6 hxg6 16. Ng5 Nxb3 17. axb3 f6 18. Nf3 Bf8 19. g3 Bc5+ 20. Kg2 Bh3+ 21. Kh1 Bxf1 22. Rxf1 Rd8 23. Ra1 g5 24. g4 Rh7 25. Kg2 Rhd7 26. Kf1 Bb6 27. Ke2 Kf7 28. Nd1 a5 29. c3 Ra8 30. Ne3 Bxe3 31. Kxe3 a4 32. b4 a3 33. bxa3 Rda7 34. Rd1 Ke7 35. h4 gxh4 36. Nxh4 Rxa3 37. Nf5+ Ke8 38. Rd3 R8a7 39. Rd6 Rxc3+ 40. Kd2 Rh3 41. Rxc6 Ra2+ 0-1

[Event "Late-Titled-Tuesday-Blitz-September-19-2023"]
[Site "Chess.com"]
[Date "2023.09.19"]
[Round "3"]
[White "MelihKaanCan"]
[Black "chessprincesa1"]
[Result "1-0"]
[WhiteElo "2407"]
[BlackElo "2237"]
[TimeControl "180+1"]
[EndTime "14:23:44 PDT"]
[Termination "MelihKaanCan won by resignation"]

1. e4 e5 2. Nf3 Nc6 3. Bb5 a6 4.
Ba4 Nf6 5. d4 b5 6. dxe5 bxa4 7.
exf6 Qxf6 8. Nc3 Bb4 9. Bd2 O-O 10. O-O a3 11. Nd5 Qd6 12. Bf4 Qc5 13. b3 Bc3 14. Rb1 Nb4 15. Be3 1-0

[Event "Late-Titled-Tuesday-Blitz-September-19-2023"]
[Site "Chess.com"]
[Date "2023.09.19"]
[Round "3"]
[White "Balla_Tamas"]
[Black "aNaartjieZA"]
[Result "0-1"]
[WhiteElo "2427"]
[BlackElo "2595"]
[TimeControl "180+1"]
[EndTime "14:23:49 PDT"]
[Termination "aNaartjieZA won by resignation"]

1. e4 e6 2. d4 d5 3. Nd2 Nf6 4. e5 Nfd7 5. Bd3 c5 6. c3 Nc6 7. Ne2 cxd4 8. cxd4 f6 9. exf6 Nxf6 10. Nf3 Bd6 11.
O-O O-O 12. Bg5 Qc7 13. h3 Bd7 14. Nc3 a6 15. Rc1 Be8 16. a3 Bh5 17. Be2 Bf4 18. Bxf4 Qxf4 19. Na4 Bxf3 20. Bxf3 Nxd4 21. Be2 Nxe2+ 22.
Qxe2 Qxa4 23. Rc7 Qe4 24. Qd2 Qf5 25. Rxb7 Ne4 26. Qb4 Nxf2 27. Rc1 Nd3 28. Qe7 Rf7 0-1

[Event "Late-Titled-Tuesday-Blitz-September-19-2023"]
[Site "Chess.com"]
[Date "2023.09.19"]
[Round "3"]
[White "Road2GM3000"]
[Black "Iball95"]
[Result "0-1"]
[WhiteElo "2500"]
[BlackElo "2758"]
[TimeControl "180+1"]
[EndTime "14:23:50 PDT"]
[Termination "Iball95 won by checkmate"]

1. d4 d5 2. c4 e6 3. cxd5 exd5 4. Nc3 c6 5. Nf3 Bd6 6. Bg5 Qb6 7. Qb3 h6 8. Bh4 Bf5 9. e3 Nd7 10. Be2 Ngf6 11.
O-O O-O 12. Rfd1 Rfe8 13. Bd3 Bg4 14. Qc2 a5 15. Bg3 Bxg3 16. hxg3 Qd8 17. Rac1 Qe7 18. Ne2 Ne4 19. Nd2 Nxf2 20. Kxf2 Qxe3+ 21. Kf1 Bxe2+ 22. Bxe2 Qxe2+ 23. Kg1 Qe3+ 24. Kh2 Nf6 25. Nf3 Ng4+ 26.
Kh1 Nf2+ 27. Kh2 Nxd1 28. Rxd1 Qe4 29. Qb3 b5 30. Qc3 Re6 31. Re1 Qf5 32. Ne5 Rae8 33.
g4 Qf4+ 34. g3 Qf2+ 35. Kh3 f6 36. Nd3 Qf3 37. Rxe6 Qh1# 0-1

[Event "Late-Titled-Tuesday-Blitz-September-19-2023"]
[Site "Chess.com"]
[Date "2023.09.19"]
[Round "3"]
[White "Heinza9"]
[Black "Dacean99"]
[Result "0-1"]
[WhiteElo "2297"]
[BlackElo "2497"]
[TimeControl "180+1"]
[EndTime "14:24:12 PDT"]
[Termination "Dacean99 won by resignation"]

1. e4 e6 2. c4 d5 3. cxd5 exd5 4. exd5 Nf6 5. Nc3 Nxd5 6. d4 Be7 7. Bc4 Be6 8. Qb3 Nxc3 9. Bxe6 fxe6 10. bxc3 Qd5 11. Nf3 O-O 12. O-O Nc6 13. Re1 Bd6 14. c4 Qh5 15. c5 Rxf3 16. Qxe6+ Rf7 17. cxd6 cxd6 18. Be3 d5 19. Rab1 Rf8 20. Rxb7 Nd8 0-1

[Event "Late-Titled-Tuesday-Blitz-September-19-2023"]
[Site "Chess.com"]
[Date "2023.09.19"]
[Round "3"]
[White "Guzman70"]
[Black "Zkid"]
[Result "1/2-1/2"]
[WhiteElo "2303"]
[BlackElo "2933"]
[TimeControl "180+1"]
[EndTime "14:24:14 PDT"]
[Termination "Game drawn by repetition"]

1. Nf3 d5 2. d4 Nf6 3. Bf4 c6 4. e3 Bf5 5. c4 e6 6. Qb3 Qb6 7. c5 Qxb3 8. axb3 Nbd7 9. b4 a6 10.
b5 cxb5 11. Bxb5 Bxb1 12. Bxd7+ Nxd7 13. Rxb1 Be7 14. b4 O-O 15. Kd2 Nf6 16. Rhf1 Ne4+ 17. Kd3 g5 18. Bg3 h5 19. Nd2 f5 20. Be5 Nf6 21. f4 Nd7 22. Nf3 g4 23. Nd2 Rfc8 24.
Nb3 Bd8 25. Ra1 Nb8 26. Bxb8 Raxb8 27. Rfb1 Kf7 28. Na5 Ke7 29. b5 axb5 30. Rxb5 Bxa5 31. Raxa5 Kd7 32. Ra7 Kc7 33. Rb6 Re8 34. Kc3 h4 35. Kb4 Re7 36. Kb5 Kc8 37. Rd6 Kc7 38. Rb6 Kc8 39.
Rd6 Kc7 40. Rb6 1/2-1/2

[Event "Late-Titled-Tuesday-Blitz-September-19-2023"]
[Site "Chess.com"]
[Date "2023.09.19"]
[Round "3"]
[White "Hooded_Old_Man"]
[Black "Tonychess32"]
[Result "1-0"]
[WhiteElo "2265"]
[BlackElo "2501"]
[TimeControl "180+1"]
[EndTime "14:24:20 PDT"]
[Termination "Hooded_Old_Man won by resignation"]

1. d4 e6 2. Nf3 d5 3. e3 Nf6 4. Bd3 Ne4 5. c4 c6 6. Nc3 f5 7. Ne5 g6 8. h4 Nxc3 9. bxc3 Nd7 10. h5 Nxe5 11. dxe5 dxc4 12. Bxc4 Qxd1+ 13. Kxd1 g5 14. h6 Rg8 15. Rh5 Rg6 16. e4 f4 17. g3 Bxh6 18.
gxf4 gxf4 19. Ke2 b5 20. Bb3 Bd7 21. Kf3 Kf7 22. Bxf4 Bxf4 23. Rxh7+ Rg7 24. Rxg7+ Kxg7 25. Kxf4 Rf8+ 26. Ke3 c5 27. f4 c4 28. Bc2 Kf7 29.
Rh1 Rg8 30. Rh7+ Ke8 31. f5 Rg2 32. Bd1 Rg3+ 33. Kf4 Rxc3 34. Rh8+ Ke7 35. f6+ 1-0

[Event "Late-Titled-Tuesday-Blitz-September-19-2023"]
[Site "Chess.com"]
[Date "2023.09.19"]
[Round "3"]
[White "gunslinger222"]
[Black "Mihajlovskij"]
[Result "0-1"]
[WhiteElo "2388"]
[BlackElo "2261"]
[TimeControl "180+1"]
[EndTime "14:24:20 PDT"]
[Termination "Mihajlovskij won by checkmate"]

1. d4 Nf6 2. c4 g6 3. Nc3 Bg7 4.
e4 O-O 5. Nge2 d6 6. Ng3 c5 7. d5 b5 8. cxb5 a6 9. bxa6 Bxa6 10. Bxa6 Nxa6 11. O-O Qb6 12. h3 Rfb8 13. Kh1 Nc7 14.
f4 Nd7 15. Qc2 Nb5 16. Nxb5 Qxb5 17. e5 dxe5 18. f5 c4 19. fxg6 hxg6 20. Bg5 Qxb2 21. Qxc4 Qa3 22. d6 e6 23. Rxf7 Kxf7 24. Rf1+ Kg8 25.
Qxe6+ Kh7 26. Qxd7 Qxg3 27. Bf6 Rg8 28. Qb7 Rxa2 29.
d7 e4 30. d8=Q Qxg2# 0-1

[Event "Late-Titled-Tuesday-Blitz-September-19-2023"]
[Site "Chess.com"]
[Date "2023.09.19"]
[Round "3"]
[White "ChessSwole"]
[Black "colegiodemadrid"]
[Result "1-0"]
[WhiteElo "2707"]
[BlackElo "2486"]
[TimeControl "180+1"]
[EndTime "14:24:22 PDT"]
[Termination "ChessSwole won by resignation"]

1. d4 Nf6 2. c4 g6 3. Nc3 Bg7 4. e4 d6 5. Nf3 O-O 6. Be2 e5 7. O-O exd4 8. Nxd4 Re8 9. f3 c6 10. Nc2 d5 11. exd5 cxd5 12. cxd5 Na6 13. Kh1 h5 14. Bg5 Qb6 15. Qd2 Bd7 16. Na3 Nh7 17. Nc4 Qb4 18. Ne4 Nxg5 19. Qxg5 Bb5 20. a3 Qf8 21. Rfe1 Bxc4 22. Bxc4 Bxb2 23. Rab1 Bg7 24. Rxb7 Nc5 25. Rc7 Nxe4 26. fxe4 Rxe4 27. Rxe4 1-0

[Event "Late-Titled-Tuesday-Blitz-September-19-2023"]
[Site "Chess.com"]
[Date "2023.09.19"]
[Round "3"]
[White "Botvinnak"]
[Black "Rsnr"]
[Result "0-1"]
[WhiteElo "2331"]
[BlackElo "2850"]
[TimeControl "180+1"]
[EndTime "14:24:27 PDT"]
[Termination "Rsnr won by resignation"]

1. b3 a5 2. a4 d5 3. Bb2 Bf5 4. d3 e6 5. Nd2 Nf6 6. Ngf3 Be7 7. Nh4 Bg4 8. h3 Bh5 9. Nhf3 Nbd7 10. e4 c6 11. Be2 O-O 12. O-O Nc5 13. e5 Nfd7 14.
Re1 Bg6 15. Nf1 Na6 16. Ng3 b5 17. Nd4 Qb6 18. Bf3 Bc5 19. axb5 cxb5 20. c3 b4 21.
Nge2 Rfc8 22. Rf1 bxc3 23. Bxc3 Nb4 24. Bxb4 Bxb4 25. Nc2 Nxe5 26. Nf4 Bc3 27. Nxg6 hxg6 28. Ra2 Qxb3 29. Ra3 Qb5 30. Be2 d4 31. Ra2 a4 32.
Ne1 a3 33. f4 Nd7 34. Bf3 Ra7 35. Be4 Bb2 36. Nf3 Rc1 37. Qe2 Rac7 38. Kh2 Nf6 39. Ne5 Rxf1 40. Qxf1 Nxe4 41. Ng4 Qb3 42. Rxa3 Bxa3 43.
dxe4 d3 44. Ne5 d2 45. Qa6 d1=Q 46. Qa8+ Bf8 0-1

[Event "Late-Titled-Tuesday-Blitz-September-19-2023"]
[Site "Chess.com"]
[Date "2023.09.19"]
[Round "3"]
[White "tomobeast"]
[Black "jup1978"]
[Result "0-1"]
[WhiteElo "2255"]
[BlackElo "2469"]
[TimeControl "180+1"]
[EndTime "14:24:35 PDT"]
[Termination "jup1978 won by resignation"]

1. e4 e5 2. Nf3 Nf6 3. Nxe5 d6 4.
Nd3 Nxe4 5. Qe2 Qe7 6. Nf4 Nf6 7. d4 Qxe2+ 8. Bxe2 Be7 9. O-O O-O 10. Nc3 c6 11. d5 c5 12. Nb5 Na6 13. a3 Bd7 14.
Bd2 Bxb5 15. Bxb5 Nc7 16. c4 a6 17. Ba4 b5 18. cxb5 axb5 19. Bb3 c4 20. Bc2 Rab8 21. Bb4 Nfxd5 22. Nxd5 Nxd5 23. Rad1 Nxb4 24. axb4 Rfd8 25. Rfe1 Bf6 26. b3 d5 27. bxc4 bxc4 28. Re2 d4 29. Bf5 d3 30. Red2 Bc3 31. Ra2 Bxb4 32. Be4 g6 33. g3 d2 34. Ra4 c3 35. Bc2 Be7 36. Ra7 Bf6 37. Kg2 Rb2 38. Be4 c2 39. Bxc2 Rxc2 0-1

[Event "Late-Titled-Tuesday-Blitz-September-19-2023"]
[Site "Chess.com"]
[Date "2023.09.19"]
[Round "3"]
[White "szachmistrz2500"]
[Black "IlanSchnaider"]
[Result "0-1"]
[WhiteElo "2500"]
[BlackElo "2751"]
[TimeControl "180+1"]
[EndTime "14:24:36 PDT"]
[Termination "IlanSchnaider won by resignation"]

1. Nf3 Nf6 2. g3 g6 3. Bg2 Bg7 4.
O-O O-O 5. d4 d5 6. b3 Nc6 7. Bb2 a5 8. a4 Re8 9. Nbd2 Bf5 10. e3 Nb4 11. Rc1 Ne4 12. Nxe4 Bxe4 13. Ba3 Na2 14. Ra1 Nb4 15. Rc1 c5 16. c3 Na6 17.
dxc5 Qc7 18. b4 b6 19. cxb6 Qxb6 20. b5 Nc5 21. Nd4 Nd3 22. Ra1 Ne5 23. Bxe4 dxe4 24. Qb3 e6 25. c4 Bf8 26. Rfc1 Rac8 27. Rc3 Nd3 28. Nc6 Bg7 29. c5 Qb7 30. Nd4 Red8 31. c6 Qb6 32. Rc4 Rxd4 33. exd4 Bxd4 34. Rxd4 Qxd4 35.
Rf1 e3 36. fxe3 Qxe3+ 37. Kh1 Nf2+ 0-1

[Event "Late-Titled-Tuesday-Blitz-September-19-2023"]
[Site "Chess.com"]
[Date "2023.09.19"]
[Round "3"]
[White "Chessdemon2019"]
[Black "Dewarfd"]
[Result "0-1"]
[WhiteElo "2373"]
[BlackElo "2209"]
[TimeControl "180+1"]
[EndTime "14:24:38 PDT"]
[Termination "Dewarfd won by resignation"]

1. e4 e5 2. Nf3 Nc6 3. Bc4 Nf6 4. Ng5 d5 5. exd5 Na5 6. Bb5+ c6 7. dxc6 bxc6 8. Bd3 Ng4 9. Nh3 Bc5 10. O-O O-O 11.
a3 Bd6 12. b4 Nb7 13. Bb2 Nxh2 14. Bxh7+ Kxh7 15. Qh5+ Kg8 16. Ng5 Bf5 17. Kxh2 Bg6 18.
Qh4 Be7 19. f4 exf4 20. Rf3 Bxg5 21. Qg4 f5 22. Qh3 Kf7 23. Rd3 Qe7 24. Qf3 Rh8+ 25. Kg1 Qe1+ 26. Qf1 Rh1+ 0-1

[Event "Late-Titled-Tuesday-Blitz-September-19-2023"]
[Site "Chess.com"]
[Date "2023.09.19"]
[Round "3"]
[White "DvaHrasta"]
[Black "MikaelyanArman"]
[Result "0-1"]
[WhiteElo "2503"]
[BlackElo "2868"]
[TimeControl "180+1"]
[EndTime "14:24:41 PDT"]
[Termination "MikaelyanArman won on time"]

1. c4 e5 2. g3 f5 3. Bg2 Nf6 4. Nh3 Bc5 5. O-O d6 6. Nc3 O-O 7. d3 f4 8. gxf4 Ng4 9. e3 Qh4 10. Ne4 exf4 11. Nxc5 f3 12. Bxf3 Qxh3 13. Bxg4 Bxg4 14.
f3 Bxf3 15. Rxf3 Rxf3 16. Ne4 Nc6 17. Bd2 Raf8 18. Qe2 Ne5 19. d4 Ng4 20. Ng3 Rf2 0-1

[Event "Late-Titled-Tuesday-Blitz-September-19-2023"]
[Site "Chess.com"]
[Date "2023.09.19"]
[Round "3"]
[White "dropstoneDP"]
[Black "Hasangatin_Ramil"]
[Result "1-0"]
[WhiteElo "3038"]
[BlackElo "2702"]
[TimeControl "180+1"]
[EndTime "14:24:53 PDT"]
[Termination "dropstoneDP won on time"]

1. e4 d5 2. exd5 Qxd5 3. Nc3 Qd6 4. d4 Nf6 5. Nf3 c6 6. Ne5 Nbd7 7. Nc4 Qc7 8. Qf3 Nb6 9. Bf4 Qd8 10. Ne5 Be6 11.
O-O-O Nbd5 12. Nxd5 Qxd5 13. Qxd5 Nxd5 14. Bg3 g6 15. Bc4 Bh6+ 16. Kb1 O-O 17. Rhe1 Rfe8 18. Bb3 Rad8 19. Nd3 Bc8 20. a3 Bg7 21. c3 b5 22.
Ne5 Bb7 23. h4 Rc8 24. h5 Rcd8 25. Rh1 g5 26. h6 Bf6 27. Bc2 e6 28. Ng4 Be7 29.
Rhe1 f5 30. Ne5 Bf6 31. Nd3 f4 32. Bh2 Bc8 33. Nc5 e5 34. Ne4 Bh8 35. Nxg5 exd4 36.
Bxh7+ Kf8 37. Rxe8+ Rxe8 38. cxd4 Bg4 39. f3 Bh5 40.
Be4 1-0

[Event "Late-Titled-Tuesday-Blitz-September-19-2023"]
[Site "Chess.com"]
[Date "2023.09.19"]
[Round "3"]
[White "Dr_crypt"]
[Black "krzyzan94"]
[Result "0-1"]
[WhiteElo "2440"]
[BlackElo "2791"]
[TimeControl "180+1"]
[EndTime "14:24:54 PDT"]
[Termination "krzyzan94 won by checkmate"]

1. d4 Nf6 2. Nf3 g6 3. c4 d6 4. Nc3 Bf5 5. g3 Bg7 6. Bg2 Ne4 7.
Qb3 Nxc3 8. Qxc3 O-O 9. Nh4 Bc8 10. Qd3 c5 11. d5 b5 12. cxb5 a6 13. b6 Qxb6 14.
O-O a5 15. Rd1 a4 16. Rb1 Ba6 17. Qc2 Nd7 18. e4 Ne5 19. f4 c4+ 20. Kh1 Nd3 21. Rf1 Nb4 22. Qxa4 c3 23. bxc3 Bxf1 24. Qxb4 Bxg2+ 25. Nxg2 Qf2 26. a4 Qf1# 0-1